 Dungeon Crawl Stone Soup version 0.29-a0-1052-g6990b1bffc (webtiles) character file.

Game seed: 8356262520350795365

87 ytrimaz the Insei (level 4, -1/42 HPs)
             Began as an Octopode Transmuter on Aug 18, 2022.
             Killed by divine providence
             ... invoked by an orc priest
              (14 damage)
             ... on level 4 of the Dungeon.
             The game lasted 00:03:33 (3469 turns).

ytrimaz the Insei (Octopode Transmuter)             Turns: 3469, Time: 00:03:34

Health: -1/42      AC: 22    Str:  9    XL:     4   Next: 51%
Magic:  7/7        EV:  2    Int: 17    God:
Gold:   123        SH:  5    Dex: 12    Spells: 1/7 levels left

rFire   + . .      SeeInvis .     - Unarmed
rCold   + . .      Faith    .   (no shield)
rNeg    . . .      Spirit   .   (helmet currently unavailable)
rPois   +          Reflect  +   h - amulet of reflection
rElec   +          Harm     .   (no ring)
rCorr   +          Rampage  .   (no ring)
Will    .....      NoTele   +   (no ring)
Stlth   +.........              (no ring)
HPRegen 0.14/turn               (no ring)
MPRegen 0.10/turn               (no ring)
                                (no ring)
                                (no ring)

@: tree-form, resistant, attractive
A: stationary, stasis, torment immunity, boosted hp, almost no armour,
(amphibious), 8 rings, (camouflage 1), (gelatinous body 1), (nimble swimmer 1),
(tentacles)
a: no special abilities


You were on level 4 of the Dungeon.
You were a tree.
You visited 1 branch of the dungeon, and saw 4 of its levels.

You collected 123 gold pieces.

Inventory:

Jewellery
 h - an amulet of reflection (around neck)
Wands
 f - a wand of paralysis (10)
Scrolls
 b - 2 scrolls of enchant armour
Potions
 c - a potion of brilliance
 e - 3 potions of curing
 g - a potion of attraction


   Skills:
 + Level 1.2 Fighting
 * Level 2.7 Dodging
 + Level 4.7 Unarmed Combat
 - Level 2.0 Spellcasting
 - Level 2.0 Transmutations


You had one spell level left.
You knew the following spells:

 Your Spells              Type           Power      Damage    Failure   Level
a - Beastly Appendage     Tmut           16%        N/A       9%          1
b - Wereblood             Tmut           8%         N/A       13%         2
c - Spider Form           Tmut/Pois      5%         N/A       36%         3

Your spell library contained the following spells:

 Spells                   Type           Power      Damage    Failure   Level
 Ice Form                 Ice/Tmut       5%         N/A       77%         4


Dungeon Overview and Level Annotations

Branches:
Dungeon (4/15)
 Temple: D:4-7

Altars:
Elyvilon
Qazlal


Innate Abilities, Weirdness & Mutations

You are a tree.
Your roots penetrate the ground, keeping you stationary.
You cannot be teleported.
You are immune to unholy pain and torment.
Your maximum health is greatly increased.
You cannot wear most types of armour.
((You are amphibious.))
You can wear up to eight rings at the same time.
((Your skin changes colour to match your surroundings (Stealth+).))
((Your rubbery body absorbs attacks. (AC +1, EV +1)))
((You are camouflaged when in or above water. (Stealth+)))
((You have tentacles for arms and can constrict up to eight enemies at once.))


Message History

You tentacle-slap the orc. You grab the orc.
You pierce the orc, but do no damage.
The orc is moderately wounded.
You constrict the orc. You tentacle-slap the orc.
The orc is heavily wounded.
You constrict the orc. The orc barely misses you.
The orc hits you from afar with a +0 trident.
You release your grip on the orc.
Your tentacle spike disappears.
The orc priest shouts!
You tentacle-slap the orc.
You kill the orc!
The orc hits you from afar with a +0 trident.
The orc priest looks satisfied for a moment.
Okay, then.
Okay, then.
It was a potion of resistance.
You feel protected. The orc closely misses you.
It was a potion of attraction.
You feel attractive to monsters. The orc barely misses you.
The orc is attracted toward you. The orc priest is attracted toward you.
Unknown command.
Really quaff the potion of lignification?
You turn into a tree.
Your roots penetrate the ground.
The orc barely misses you.
Unknown command.
You hit the orc.
The orc is moderately wounded.
The orc hits you with a +0 trident!
You barely miss the orc.
The orc is lightly wounded.
The orc hits you but does no damage.
You hit the orc but do no damage.
The orc is lightly wounded.
The orc priest invokes the aid of Beogh against you.
Beogh smites you!
You die... o

################ ..
#..........♣oo.##########.#?
#.############..§)..........
#####.# #..#########.#.
#...#.# #..# ..
##...#.###### #### .
..............
.......####### <......#
##...#.#


You could see an orc priest and an orc.

Vanquished Creatures
  An adder (D:2)
  A worm (D:2)
  3 dart slugs
  2 orcs
  9 ball pythons
  4 bats
  6 endoplasms
  A giant cockroach (D:2)
  3 goblins
  9 hobgoblins
  4 jackals (D:1)
  2 quokkas
  2 frilled lizards
  5 kobolds
  10 rats
62 creatures vanquished.

Notes
Turn   | Place    | Note
-------+----------+-------------------------------------------
     0 | D:1      | ytrimaz the Octopode Transmuter began the quest for the
                  | Orb.
     0 | D:1      | Reached XP level 1. HP: 13/13 MP: 3/3
   170 | D:1      | Reached XP level 2. HP: 13/18 MP: 1/5
   446 | D:1      | Learned a level 2 spell: Wereblood
   903 | D:1      | Reached XP level 3. HP: 18/23 MP: 4/6
   907 | D:1      | Reached skill level 4 in Unarmed Combat
   911 | D:1      | Learned a level 3 spell: Spider Form
  1108 | D:1      | Found a faded altar of an unknown god.
  2228 | D:2      | Reached XP level 4. HP: 28/28 MP: 5/7
  2773 | D:3      | Found a stormy altar of Qazlal.
  2914 | D:3      | Found a white marble altar of Elyvilon.
  3469 | D:4      | Killed from afar by an orc priest

Illustrated notes

Levels and vault maps discovered:
D:1:      dpeg_arrival_simpleton_b, layout_loops_cross,
          nicolae_ecumenical_snake_handling, minmay_tripent
D:2:      layout_loops_ring, small_statue_intersection
D:3:      layout_basic, nicolae_qazlal_eye_of_the_storm,
          mainiacjoe_overflow_alcove_1, corner_web_ring
D:4:      layout_loops_ring, corexii_hall_statues_s, uniq_sigmund

Skill      XL: |  1  2  3 |
---------------+----------+-----
Unarmed Combat | 4 |  4.7
Fighting       | |  1.2
Dodging        | |  2.7
Spellcasting   | |  2.0
Transmutations | |  2.0

Action                   |  1- 3 |  4- 6 || total
-------------------------+-------+-------++-------
Melee: Unarmed           |    89 |    27 ||   116
       Constrict         |    24 |     8 ||    32
       Kick              |    18 |     8 ||    26
       Tentacles         |    17 |     5 ||    22
       Punch             |     3 |       ||     3
 Cast: Beastly Appendage |    23 |     8 ||    31
       Wereblood         |       |     1 ||     1
  Use: Scroll            |     2 |     4 ||     6
       Potion            |       |     3 ||     3
 Stab: Sleeping          |     5 |     1 ||     6
Armor: Skin              |     5 |     2 ||     7
Dodge: Dodged            |    66 |    24 ||    90
Block: Other             |       |     2 ||     2

Table legend: (Time is in decaauts)
 A = Elapsed time spent in this place.
 B = Non-inter-level travel time spent in this place.
 C = Inter-level travel time spent in this place.
 D = Time resting spent in this place.
 E = Time spent auto-exploring this place.
 F = Levels seen in this place.
 G = Mean time per level.
                   A        B        C        D        E       F      G
               +--------+--------+--------+--------+--------+-----+--------+
         Total |   3459 |   3365 |     94 |      0 |   2870 |   4 |  864.8 |
       Dungeon |   3459 |   3365 |     94 |      0 |   2870 |   4 |  864.8 |
               +--------+--------+--------+--------+--------+-----+--------+

Top non-repeatable levels by time:
     D:1: 1613 daAuts
     D:3: 944 daAuts
     D:2: 805 daAuts
     D:4: 96 daAuts
